 Dungeon Crawl Stone Soup version 0.29.0-11-gd7f09526c8 (webtiles) character file.

Game seed: 7153760156100479261

3401 night the Thaumaturge (level 9, -1/72 HPs)
             Began as a Purple Draconian Air Elementalist on Sept 5, 2022.
             Was a Priest of Nemelex Xobeh.
             Slain by an unseen horror (4 damage)
             ... on level 7 of the Dungeon.
             The game lasted 00:19:22 (10204 turns).

night the Thaumaturge (DrAE)                       Turns: 10204, Time: 00:19:22

Health: -1/72      AC:  7    Str:  7 (10) XL:     9   Next: 75%
Magic:  30/30      EV: 12    Int: 19 (20) God:    Nemelex Xobeh [***...]
Gold:   349        SH:  5    Dex: 10 (12) Spells: 15/25 levels left

rFire   + . .      SeeInvis .   E - +4 battleaxe (freeze)
rCold   . . .      Faith    .   (shield currently unavailable)
rNeg    . . .      Spirit   .   (body armour unavailable)
rPois   .          Reflect  +   (helmet restricted)
rElec   .          Harm     .   (no cloak)
rCorr   .          Rampage  .   (no gloves)
Will    +....                   (no boots)
Stlth   ++........              d - amulet of reflection
HPRegen 0.22/turn               z - ring of magical power
MPRegen 0.22/turn               D - ring of protection from fire

@: flying
A: breathe power, AC +7, unfitting armour, cold-blooded
a: Breathe Dispelling Energy, Renounce Religion, Draw Escape, Draw Destruction,
Draw Summoning, Triple Draw


You were on level 7 of the Dungeon.
You worshipped Nemelex Xobeh.
Nemelex Xobeh was most pleased with you.
You visited 2 branches of the dungeon, and saw 8 of its levels.

You collected 349 gold pieces.

Inventory:

Hand Weapons
 u - a +1 whip of electrocution
 B - a +0 arbalest
 E - a +4 battleaxe of freezing (weapon)
Missiles
 f - 54 stones
 h - 12 javelins
 s - 8 poisoned darts
 w - 2 atropa-tipped darts
Jewellery
 d - an amulet of reflection (around neck)
 i - a ring of fire
 m - an amulet of faith
 t - an amulet of regeneration
 z - a ring of magical power (left hand)
 C - a ring of flight
 D - a ring of protection from fire (right hand)
Wands
 y - a wand of roots (11)
 A - a wand of charming (11)
Scrolls
 e - 2 scrolls of noise
 k - a scroll of enchant weapon
 o - 5 scrolls of identify
 p - a scroll of blinking
 q - a scroll of teleportation
 r - a scroll of amnesia
 x - a scroll of fear
Potions
 a - a potion of magic
 b - 4 potions of degeneration
 c - 3 potions of curing
 g - 5 potions of flight
 j - 2 potions of heal wounds {unknown}
 l - a potion of might {unknown}
 n - 4 potions of brilliance
 v - 2 potions of haste {unknown}


   Skills:
 + Level 4.5 Fighting
 - Level 2.0 Maces & Flails
 - Level 1.7 Dodging
 - Level 1.7 Stealth
 + Level 8.6 Spellcasting
 * Level 8.4 Conjurations
 - Level 7.2 Air Magic


You had 15 spell levels left.
You knew the following spells:

 Your Spells              Type           Power      Damage    Failure   Level
a - Shock                 Conj/Air       100%       1d9       1%          1
b - Static Discharge      Conj/Air       37%        3-8/arc   1%          2
c - Airstrike             Air            17%        2d(3-19)  4%          4
e - Swiftness             Air            35%        N/A       1%          3

Your spell library contained the following spells:

 Spells                   Type           Power      Damage    Failure   Level
 Summon Guardian Golem    Hex/Summ       8%         N/A       26%         3
 Orb of Destruction       Conj           20%        9d8       92%         7
 Spellforged Servitor     Conj/Summ      12%        N/A       100%        7


Dungeon Overview and Level Annotations

Branches:
Dungeon (7/15)             Temple (1/1) D:5

Altars:
Ashenzari
Cheibriados
Dithmenos
Elyvilon
Fedhas
Hepliaklqana
Makhleb
Nemelex Xobeh
Okawaru
Qazlal
Ru
Sif Muna
Trog
Vehumet
Wu Jian
Xom
The Shining One

Shops:
D:4 [


Innate Abilities, Weirdness & Mutations

You can breathe bolts of dispelling energy.
Your rich purple scales are hard. (AC +7)
You cannot fit into any form of body armour.
You are cold-blooded and may be slowed by cold attacks.


Message History

r - Retreat! s - Stop attacking. g - Guard the area. f - Follow me.
Anything else - Cancel.
Gang up on whom?
Press: ? - help, Dir - move target There's nothing there!
Something misses your killer bee. Something hits your killer bee!
Something closely misses your killer bee.
Something hits your killer bee!
Your killer bee dies!
Your killer bee's corpse disappears in a puff of smoke!
Something barely misses your killer bee. x2
Something misses your killer bee. Something hits your killer bee.
Something completely misses your killer bee.
Something completely misses your killer bee.
Something hits your killer bee!
Something completely misses your killer bee.
Something completely misses your killer bee.
Something hits your killer bee.
Your killer bee dies!
Your killer bee's corpse disappears in a puff of smoke!
Something barely misses your killer bee.
Something hits your killer bee. Something hits your killer bee.
Your killer bee dies!
Your killer bee's corpse disappears in a puff of smoke!
Something hits you!
* * * LOW HITPOINT WARNING * * *
It was a potion of degeneration.
There was something very wrong with that liquid.
You feel weakened.
You feel dopey.
You feel clumsy.
It was a potion of curing.
You feel better. Something hits you!
* * * LOW HITPOINT WARNING * * *
It was a potion of flight.
You feel very buoyant.
You fly up into the air.
Something hits you.
You die...
Your body glows with a rainbow of weird colours and disappears.

### #@## # ###.y#
##.#....# ## ..
#.......##.## #..
#...#........##...
##. #.#._.........
#........#......#.
.#....#.##......#.
.##..#####........


You could see a friendly killer bee (summoned).

Vanquished Creatures
  Pikel (D:4)
  A hornet (D:7)
  A wyvern (D:6)
  2 steam dragons (D:5)
  2 water moccasins
  3 black bears
  An orc warrior (D:6)
  2 ice beasts (D:6)
  A phantom (D:6)
  A lemure (D:4)
  A necrophage (D:7)
  3 scorpions
  2 bullfrogs
  2 gnoll sergeants
  5 wights (D:7)
  A howler monkey (D:7)
  An orc priest (D:4)
  6 hounds
  An iron imp (D:6)
  A jelly (D:5)
  2 gnoll boudas
  2 iguanas
  4 orc wizards (D:6)
  11 gnolls
  6 adders
  A shadow imp (D:7)
  A white imp (D:7)
  5 ufetubi
  3 dart slugs
  13 orcs
  6 ball pythons
  5 bats
  2 endoplasms
  2 giant cockroaches (D:1)
  8 goblins
  3 hobgoblins
  3 jackals
  4 quokkas
  4 kobolds
  3 rats
126 creatures vanquished.

Vanquished Creatures (others)
  An ogre (D:6)
  17 fungi (D:5)
18 creatures vanquished.

Grand Total: 144 creatures vanquished

Notes
Turn   | Place    | Note
-------+----------+-------------------------------------------
     0 | D:1      | night the Draconian Air Elementalist began the quest for
                  | the Orb.
     0 | D:1      | Reached XP level 1. HP: 14/14 MP: 3/3
   427 | D:1      | Reached XP level 2. HP: 14/20 MP: 1/5
  1101 | D:2      | Found a sparkling altar of Nemelex Xobeh.
  1124 | D:2      | Became a worshipper of Nemelex Xobeh the Trickster
  1411 | D:2      | Reached XP level 3. HP: 26/26 MP: 1/6
  1491 | D:2      | Reached skill level 2 in Conjurations
  1874 | D:2      | Learned a level 2 spell: Static Discharge
  1878 | D:2      | Learned a level 3 spell: Swiftness
  2642 | D:3      | Reached * piety under Nemelex Xobeh
  2749 | D:3      | Reached XP level 4. HP: 32/33 MP: 4/8
  3131 | D:3      | Found an iron altar of Okawaru.
  3515 | D:4      | Reached XP level 5. HP: 33/38 MP: 4/9
  3710 | D:4      | Received a gift from Nemelex Xobeh
  4040 | D:4      | Noticed a lemure
  4056 | D:4      | Killed a lemure
  4179 | D:4      | Noticed Pikel
  4180 | D:4      | Noticed a lemure
  4180 | D:4      | Noticed a lemure
  4180 | D:4      | Noticed a lemure
  4186 | D:4      | Killed Pikel
  4187 | D:4      | Reached skill level 5 in Air Magic
  4187 | D:4      | Reached XP level 6. HP: 18/45 MP: 3/12
  4187 | D:4      | Your scales start taking on a rich purple colour.
  4187 | D:4      | Reached skill level 5 in Spellcasting
  4187 | D:4      | Reached XP level 7. HP: 20/50 MP: 3/15
  4522 | D:4      | Found a radiant altar of Vehumet.
  4534 | D:4      | Found Rujaa's Armour Shop.
  4880 | D:5      | Entered Level 5 of the Dungeon
  4935 | D:5      | Reached ** piety under Nemelex Xobeh
  4936 | D:5      | Received a gift from Nemelex Xobeh
  4950 | D:5      | Noticed a steam dragon
  4950 | D:5      | Noticed a steam dragon
  4972 | D:5      | Killed a steam dragon
  4974 | D:5      | Killed a steam dragon
  4975 | D:5      | Reached skill level 5 in Conjurations
  5258 | D:5      | Found a staircase to the Ecumenical Temple.
  5264 | D:5      | Reached XP level 8. HP: 57/57 MP: 12/17
  5274 | Temple   | Entered the Ecumenical Temple
  6629 | D:6      | Learned a level 4 spell: Airstrike
  6746 | D:6      | HP: 5/58 [wyvern (13)]
  7050 | D:6      | Reached skill level 1 in Fighting
  7816 | D:6      | Found a burning altar of Makhleb.
  7825 | D:6      | Reached skill level 1 in Maces & Flails
  8043 | D:6      | Reached skill level 2 in Fighting
  8056 | D:6      | Reached skill level 2 in Maces & Flails
  8056 | D:6      | Reached XP level 9. HP: 25/67 MP: 17/20
  8379 | D:6      | Found a bloodstained altar of Trog.
  8409 | D:6      | Identified the +4 chain mail of a wizard's laboratory {rN+
                  | Str+4 Int+4}
  9646 | D:7      | Reached *** piety under Nemelex Xobeh
  9714 | D:7      | HP: 8/72 [gnoll/+0 club[a gnoll bouda] (6)]
 10159 | D:7      | Identified the +8 mace "Pylus" {drain, Str-5 Dex+8}
 10166 | D:7      | Found a shadowy altar of Dithmenos.
 10173 | D:7      | HP: 6/72 [something (6)]
 10201 | D:7      | HP: 4/72 [something (8)]
 10204 | D:7      | Slain by an unseen horror

Illustrated notes

Levels and vault maps discovered:
D:1:      minmay_arrival_pointy, layout_basic, minmay_unequal
D:2:      layout_loops_ring, basic_altar, chequers_arboretum
D:3:      layout_loops_ring, mainiacjoe_overflow_alcove_4
D:4:      layout_loops_ring, fiery_altar_vehumet, nicolae_ossuary_entry_plus,
          serial_shops, shop_fountains, uniq_pikel
D:5:      kennysheep_steamy, layout_cave_pools, minmay_temple_entry_large_hall
D:6:      layout_cave_pods, makhleb_grotto_becter,
          mainiacjoe_overflow_small_starburst, minmay_misc_feat_chi,
          minmay_increasing_density
D:7:      layout_cave_pools, overflow_temple_1_default
Temple:   nicolae_temple_bog_church

Skill      XL: |  1  2  3  4  5  6  7  8  9 |
---------------+----------------------------+-----
Conjurations   | 2 4 5 6 8 |  8.4
Spellcasting   | 3 4 5 6 7 8 |  8.6
Air Magic      | 4 5 6 7 |  7.2
Fighting       | 2 4 |  4.5
Maces & Flails | 2 |  2.0
Dodging        | |  1.7
Stealth        | |  1.7

Action                   |  1- 3 |  4- 6 |  7- 9 || total
-------------------------+-------+-------+-------++-------
Melee: Unarmed           |    48 |    17 |       ||    65
       Tailslap          |     8 |     3 |    20 ||    31
       Whip              |       |       |    96 ||    96
       Battleaxe         |       |       |    11 ||    11
 Fire: Arbalest          |       |       |    27 ||    27
 Cast: Shock             |    71 |    22 |    89 ||   182
       Static Discharge  |     6 |    19 |    56 ||    81
       Swiftness         |       |       |     3 ||     3
       Airstrike         |       |       |     1 ||     1
Invok: Draw Destruction  |       |       |     2 ||     2
       Draw Summoning    |       |       |     2 ||     2
       Draw Escape       |       |       |     1 ||     1
 Abil: Breathe Dispellin |       |       |     6 ||     6
Evoke: Wand              |       |       |     1 ||     1
  Use: Scroll            |       |     1 |    11 ||    12
       Potion            |       |       |     3 ||     3
 Stab: Sleeping          |       |     1 |     2 ||     3
Armor: Skin              |    22 |     7 |    75 ||   104
Dodge: Dodged            |    38 |    21 |   114 ||   173
Block: Other             |    15 |     8 |    48 ||    71
       Reflection        |       |       |     1 ||     1
